 Dungeon Crawl Stone Soup version 0.28.0-62-gf88900778d (webtiles) character file.

Game seed: 11679169186439041594

142 cbfl8 the Chopper (level 5, -5/70 HPs)
             Began as a Minotaur Berserker on May 24, 2023.
             Was a Believer of Trog.
             Slain by an iguana (13 damage)
             ... on level 4 of the Dungeon.
             The game lasted 00:01:56 (3372 turns).

cbfl8 the Chopper (Minotaur Berserker)              Turns: 3372, Time: 00:01:57

Health: -5/70      AC:  2    Str: 22    XL:     5   Next: 3%
Magic:  4/4        EV: 10    Int:  4    God:    Trog [**....]
Gold:   84         SH:  7    Dex: 11    Spells: 4/4 levels left

rFire   . . .      SeeInvis .   a - +0 hand axe
rCold   . . .      Faith    .   d - +0 kite shield
rNeg    . . .      Spirit   .   b - +0 animal skin
rPois   .          Reflect  .   (helmet restricted)
rElec   .          Harm     .   (no cloak)
rCorr   .          Rampage  .   (no gloves)
Will    .....                   (no boots)
Stlth   ..........              (no amulet)
HPRegen 0.21/turn               (no ring)
MPRegen 0.09/turn               (no ring)

@: berserking, very quick
A: horns 2, retaliatory headbutt
a: Renounce Religion, Berserk, Trog's Hand


You were on level 4 of the Dungeon.
You worshipped Trog.
Trog was pleased with you.
You visited 1 branch of the dungeon, and saw 4 of its levels.

You collected 84 gold pieces.

Inventory:

Hand Weapons
 a - a +0 hand axe (weapon)
Missiles
 l - a throwing net (quivered)
Armour
 b - a +0 animal skin (worn)
 d - a +0 kite shield (worn)
Jewellery
 o - the amulet of Pipniupon {Fragile rF+ Regen+ Str+4 SInv}
   (You found it on level 4 of the Dungeon)

   [amulet of regeneration]

   Str:       It affects your strength (+4).
   rF:        It protects you from fire.
   SInv:      It lets you see invisible.
   Regen:     It increases your rate of health regeneration.
   Fragile:   It will be destroyed if unequipped.
 p - a +6 ring of intelligence
Wands
 j - a wand of acid (9)
Scrolls
 f - a scroll of enchant armour {unknown}
 g - a scroll of magic mapping {unknown}
 k - a scroll of fear {unknown}
 n - a scroll of teleportation {unknown}
Potions
 c - 3 potions of curing {unknown}
 e - 2 potions of heal wounds {unknown}
 h - 2 potions of flight {unknown}
 i - a potion of resistance {unknown}
 m - a potion of might {unknown}


   Skills:
 + Level 4.7 Fighting
 + Level 4.8 Axes
 + Level 2.7 Armour
 + Level 2.9 Dodging
 + Level 0.3 Stealth
 + Level 1.0 Shields
 * Level 1.3 Evocations


You had 4 spell levels left.
You didn't know any spells.
Your spell library was empty.

Dungeon Overview and Level Annotations

Branches:
Dungeon (4/15)
 Temple: D:4-7

Altars:
Cheibriados
Fedhas
Sif Muna

Shops:
D:3 [


Innate Abilities, Weirdness & Mutations

You have a pair of horns on your head.
You reflexively headbutt those who attack you in melee.


Message History

Found an escape hatch in the ceiling.
No target in view!
You now have 84 gold pieces (gained 12).
o - the amulet of Pipniupon {Fragile rF+ Regen+ Str+4 SInv} No target in view!
Found a dagger.
No target in view!
p - a +6 ring of intelligence No target in view!
You see here a +0 dagger.
An iguana and an endoplasm come into view.
The endoplasm quivers.
You hit the endoplasm but do no damage.
You headbutt the endoplasm, but do no damage.
The endoplasm barely misses you.
An endoplasm is nearby!
You hit the endoplasm.
The endoplasm is moderately wounded.
The endoplasm freezes you.
You are frozen.
There are monsters nearby!
You barely miss the endoplasm.
The endoplasm is moderately wounded.
The endoplasm freezes you.
You are frozen.
You hit the endoplasm.
You kill the endoplasm!
Trog accepts your kill.
You closely miss the iguana. The iguana bites you!
You barely miss the iguana. The iguana bites you!
You barely miss the iguana.
You headbutt the iguana, but do no damage.
The iguana barely misses you.
You closely miss the iguana. The iguana bites you!
* * * LOW HITPOINT WARNING * * *
The iguana bites you!
* * * LOW HITPOINT WARNING * * *
A red film seems to cover your vision as you go berserk!
You feel yourself moving faster!
You feel mighty! The iguana bites you!
You die...

##.......###...#####
##..).###...........#
#....## ##...........
#....# #......)....
#....# #...........
##...# #...........
##..# #...........
##.# ######.....< #@#
##..... #.l.⌠.+
#....# ###...# ######
#.## .# . #


You could see an iguana.

Vanquished Creatures
  Ijyb (D:3)
  4 adders
  3 gnolls (D:2)
  2 dart slugs
  An orc (D:4)
  4 bats
  6 endoplasms
  3 giant cockroaches
  4 goblins
  4 hobgoblins
  2 quokkas
  5 ball pythons
  3 frilled lizards
  3 kobolds
  2 rats
47 creatures vanquished.

Notes
Turn   | Place    | Note
-------+----------+-------------------------------------------
     0 | D:1      | cbfl8 the Minotaur Berserker began the quest for the Orb.
     0 | D:1      | Reached XP level 1. HP: 19/19 MP: 0/0
   334 | D:1      | Reached XP level 2. HP: 26/27 MP: 1/1
  1228 | D:2      | Reached XP level 3. HP: 31/34 MP: 2/2
  1289 | D:2      | Reached ** piety under Trog
  2012 | D:2      | Reached skill level 1 in Evocations
  2014 | D:2      | Reached XP level 4. HP: 25/41 MP: 3/3
  2254 | D:3      | Noticed Ijyb
  2260 | D:3      | Killed Ijyb
  2552 | D:3      | Found Dafiech's Armour Boutique.
  2701 | D:3      | Noticed a golden eye
  2703 | D:3      | Found a faded altar of an unknown god.
  2705 | D:3      | Noticed an eye of devastation
  2705 | D:3      | Noticed a shining eye
  2705 | D:3      | Noticed a shining eye
  2782 | D:3      | Found a snail-covered altar of Cheibriados.
  2785 | D:3      | Found a blossoming altar of Fedhas.
  2880 | D:3      | Reached skill level 1 in Shields
  2881 | D:3      | Reached XP level 5. HP: 23/47 MP: 4/4
  3251 | D:3      | Found a shimmering blue altar of Sif Muna.
  3340 | D:4      | Identified the amulet of Pipniupon {Fragile rF+ Regen+
                  | Str+4 SInv}
  3372 | D:4      | Slain by an iguana

Illustrated notes

Levels and vault maps discovered:
D:1:      dpeg_arrival_boxorama, layout_basic, hangedman_decor_push,
          chequers_serial_rivers_micro_a
D:2:      minmay_evil_eye, layout_basic
D:3:      layout_rooms, mainiacjoe_overflow_small_starburst,
          nicolae_overflow_squiral, hellmonk_ecumenical_altar_watching_god,
          serial_shops, nicolae_shop_statue_plus, uniq_ijyb
D:4:      layout_rooms, general_overflow_altar, lemuel_crystal_altar,
          lemuel_temple_firewalk_b, grunt_decor_cap, grunt_ministairs_5

Skill      XL: |  1  2  3  4 |
---------------+-------------+-----
Fighting       | 4 |  4.7
Axes           | 4 |  4.8
Evocations     | 1 |  1.3
Shields        | 1 |  1.0
Armour         | |  2.7
Dodging        | |  2.9
Stealth        | |  0.3

Action                   |  1- 3 |  4- 6 || total
-------------------------+-------+-------++-------
Melee: Hand axe          |    73 |    38 ||   111
       Headbutt          |     4 |     5 ||     9
       Punch             |     2 |       ||     2
Invok: Berserk           |       |     1 ||     1
Armor: Animal skin       |    14 |     3 ||    17
Dodge: Dodged            |    40 |    23 ||    63
Block: Kite shield       |    22 |    15 ||    37
